cohdb
Replays
Latest Replays
All Replays
Popular Replays
Top Player Replays
Match Explorer
How It Works
Community
CoH3 Stats
Reddit
Sign in to upload your games and track your stats! →
Sign in with Steam
Match 45394107
Unlisted
Match 45394107
Overview
Messages
Build Orders
End
250 Light Carrier
Selects Panzerjäger Kommand Battlegroup
Selects Panzerjäger Kommand Battlegroup
Selects Mine Fields
Panzergrenadier Squad
Panzergrenadier Squad
Construct Light Support Kompanie
MG34 Team
2.5-tonne Medical Truck
Combat Half-tracks
Selects Tank Busters
Fire Support Elements
Panzerjäger Mechanized Group
Assault Grenadier Squad
Selects Defensive Positions
Construct Panzerarmee Kommand
Walking Stuka Rocket Launcher
AI Takeover
lcx19961226
Kapysoft
iscelsi
Kenpachi Guts
LuckySeven
Field marshal Prince
neco-niko-ni
PiDan
0
0
Comments
sign in to comment!
No comments posted yet!